 Dungeon Sprint DCSS version 0.30.1-9-gdf580d7c3d (webtiles) character file.

Game seed: 1637302619090042159

2243 Heoruswealwe the Impaler (level 9, -12/92 HPs)
             Began as a Minotaur Fighter on Oct 4, 2023.
             Was an Initiate of Gozag.
             Mangled by a boulder beetle (15 damage)
             ... in the Dungeon (Sprint IX: "|||||||||||||||||||||||||||||").
             The game lasted 00:04:56 (383 turns).

Heoruswealwe the Impaler (Minotaur Fighter)          Turns: 383, Time: 00:04:56

Health: -12/92     AC: 23    Str: 28    XL:     9   Next: 14%
Magic:  8/8        EV:  9    Int:  5    God:    Gozag
Gold:   513        SH:  0    Dex: 10    Spells: 8/8 levels left

rFire   . . .        b - +2 halberd (protect)
rCold   . . .        (shield currently unavailable)
rNeg    . . .        c - +1 chain mail
rPois   .            (helmet restricted)
rElec   .            h - +0 cloak
rCorr   .            f - +0 pair of gloves
SInv    .            (no boots)
Will    .....        (no amulet) Stlth
                     k - +3 ring of strength
HPRegen 0.35/turn    (no ring)
MPRegen 0.11/turn

%: no teleportation
@: gold aura, under a protective aura
A: horns 2, retaliatory headbutt
a: Renounce Religion, Potion Petition, Call Merchant, Bribe Branch


You were in the Dungeon.
You worshipped Gozag.
Gozag was pleased with you.
You visited 1 branch You collected 513 gold pieces.

Inventory:

Hand Weapons
 a - a +0 trident
 b - a +2 halberd of protection (weapon)
Armour
 c - a +1 chain mail (worn)
 d - a +0 buckler
 f - a +0 pair of gloves (worn)
 h - a +0 cloak (worn)
Jewellery
 k - a +3 ring of strength (left hand)
Wands
 l - a wand of iceblast (10)
Scrolls
 j - 2 scrolls of blinking
Potions
 e - 5 potions of curing
 g - a potion of haste
 i - a potion of berserk rage
 m - a potion of heal wounds
 n - a potion of might


   Skills:
 + Level 12.9 Fighting
 * Level 17.3 Polearms
 + Level 13.0 Armour
 - Level 3.6 Shields


You had 8 spell levels left.
You didn't know any spells.
Your spell library was empty.

Dungeon Overview and Level Annotations

Branches:
Dungeon (1/1)

Altars:
Cheibriados
Dithmenos
Elyvilon
Fedhas
Gozag
Hepliaklqana
Kikubaaqudgha
Makhleb
Nemelex Xobeh
Okawaru
Qazlal
Ru
Sif Muna
Trog
Uskayaw
Vehumet
Wu Jian
Xom
Yredelemnul
Zin
The Shining One
Jiyva
Lugonu


Innate Abilities, Weirdness & Mutations

You have a pair of horns on your head.
You reflexively headbutt those who attack you in melee.


Message History

You headbutt the centaur!
You kill the centaur!
The boulder beetle hits you but does no damage.
The boulder beetle stops rolling and uncurls.
You impale the manticore!!
The manticore is heavily wounded.
You impale the manticore!!
The manticore is almost dead.
The boulder beetle bites you.
* * * LOW HITPOINT WARNING * * *
The manticore bites you but does no damage.
The manticore claws you but does no damage.
The manticore claws you.
* * * LOW HITPOINT WARNING * * *
You hit the manticore but do no damage. Your headbutt misses the manticore.
The manticore is almost dead.
The boulder beetle leaps!
The manticore bites you but does no damage.
The manticore barely misses you.
The manticore claws you but does no damage.
You slice the manticore!!
You kill the manticore!
Your Polearms skill increases to level 17!
Your Armour skill increases to level 13!
You have reached level 9!
Your experience leads to an increase in your attributes!
Your base attributes are Str 23, Int 5, Dex 10.
Increase (S)trength, (I)ntelligence, or (D)exterity?
You feel stronger. x2
Things that are here:
432 gold pieces; a +0 shortbow
There is an open door, spattered with blood here.
You hit the boulder beetle but do no damage.
The boulder beetle bites you but does no damage.
You puncture the boulder beetle!
The boulder beetle is moderately wounded.
The boulder beetle leaps!
The boulder beetle bites you!
You die...
Your body crumbles into a pile of gold.

▓+▓
▓.▓
▓.▓
▓$▓
▓.▓
▓.▓
▓$▓
▓'▓
▓@▓
$
▓B▓
$
▓.▓
$ $
▓.▓
$
▓.▓
$
▓.▓
▓)▓
$
▓.▓
▓.▓
$


You could see a boulder beetle.

Vanquished Creatures
  A catoblepas (D)
  A manticore (D)
  3 wraiths (D)
  A yak (D)
  A vampire (D)
  A vampire mosquito (D)
  An orc warrior (D)
  An ogre (D)
  2 centaurs (D)
  A scorpion (D)
  A hound (D)
  An ufetubus (D)
  A goblin (D)
  A kobold (D)
  A quokka (D)
  A ball python (D)
  2 frilled lizards (D)
21 creatures vanquished.

Notes
Turn   | Place    | Note
-------+----------+-------------------------------------------
     0 | D        | Heoruswealwe the Minotaur Fighter began the quest for the
                  | Orb.
     0 | D        | Reached XP level 1. HP: 19/19 MP: 0/0
     6 | D        | Reached skill level 3 in Polearms
    29 | D        | Noticed a hound
    29 | D        | Noticed an ogre
    29 | D        | Noticed a scorpion
    40 | D        | Killed a scorpion
    41 | D        | Reached skill level 5 in Fighting
    41 | D        | Reached skill level 6 in Polearms
    41 | D        | Reached skill level 5 in Armour
    41 | D        | Reached XP level 2. HP: 20/30 MP: 1/1
    41 | D        | Reached XP level 3. HP: 24/37 MP: 2/2
    43 | D        | Reached skill level 7 in Polearms
    43 | D        | Reached XP level 4. HP: 29/44 MP: 3/3
    46 | D        | Killed an ogre
    47 | D        | Reached skill level 9 in Polearms
    47 | D        | Reached XP level 5. HP: 36/52 MP: 4/4
    56 | D        | Found a snail-covered altar of Cheibriados.
    56 | D        | Found a shadowy altar of Dithmenos.
    56 | D        | Found a white marble altar of Elyvilon.
    56 | D        | Found a blossoming altar of Fedhas.
    56 | D        | Found an opulent altar of Gozag.
    57 | D        | Found a hazy altar of Hepliaklqana.
    58 | D        | Found a viscous altar of Jiyva.
    59 | D        | Found an ancient bone altar of Kikubaaqudgha.
    60 | D        | Found a corrupted altar of Lugonu.
    61 | D        | Found a burning altar of Makhleb.
    62 | D        | Found a sparkling altar of Nemelex Xobeh.
    63 | D        | Found an iron altar of Okawaru.
    64 | D        | Became a worshipper of Gozag Ym Sagoz the Greedy
    65 | D        | Found a stormy altar of Qazlal.
    66 | D        | Found a sacrificial altar of Ru.
    67 | D        | Found a shimmering blue altar of Sif Muna.
    68 | D        | Found a bloodstained altar of Trog.
    69 | D        | Found a hide-covered altar of Uskayaw.
    70 | D        | Found a radiant altar of Vehumet.
    71 | D        | Found an ornate altar of the Wu Jian Council.
    72 | D        | Found a shimmering altar of Xom.
    73 | D        | Found a basalt altar of Yredelemnul.
    74 | D        | Found a glowing silver altar of Zin.
    75 | D        | Found a glowing golden altar of the Shining One.
   138 | D        | Noticed a wraith
   138 | D        | Noticed a vampire
   138 | D        | Noticed an orc warrior
   138 | D        | Noticed a vampire mosquito
   138 | D        | Noticed a yak
   138 | D        | Noticed a wraith
   142 | D        | Killed a wraith
   143 | D        | Reached skill level 11 in Polearms
   143 | D        | Reached XP level 6. HP: 62/62 MP: 5/5
   152 | D        | Killed a yak
   153 | D        | Reached skill level 12 in Polearms
   159 | D        | Killed a vampire mosquito
   160 | D        | Reached skill level 10 in Fighting
   160 | D        | Reached skill level 13 in Polearms
   160 | D        | Reached skill level 10 in Armour
   160 | D        | Reached XP level 7. HP: 45/72 MP: 6/6
   177 | D        | Killed a vampire
   178 | D        | Reached skill level 14 in Polearms
   181 | D        | Killed a wraith
   337 | D        | Noticed a manticore
   337 | D        | Noticed a wraith
   337 | D        | Noticed a catoblepas
   337 | D        | Noticed a boulder beetle
   356 | D        | Killed a catoblepas
   357 | D        | Reached skill level 16 in Polearms
   357 | D        | Reached XP level 8. HP: 13/83 MP: 7/7
   369 | D        | HP: 2/83 [centaur/arrow (10)]
   375 | D        | HP: 2/85 [boulder beetle (2)]
   377 | D        | Killed a manticore
   378 | D        | Reached skill level 17 in Polearms
   378 | D        | Reached XP level 9. HP: 1/92 MP: 8/8
   383 | D        | Mangled by a boulder beetle

Illustrated notes

Levels and vault maps discovered:
D:        linesprint [early_d, line_temple, items_1, d_10, items_2, lair_1,
          lair_end, items_3, orc_1, orc_end, items_4, d_15, swamp_1, shoals_1,
          snake_1, spider_1, d_20, vaults_1, items_5, swamp_end, shoals_end,
          snake_end, spider_end, vaults_end, d_27, items_6, zot_1, zot_end,
          crypt_end, forest_end, elf_end, slime_end, tomb_end, abyss_end,
          pan_hell_end]

Skill      XL: |  1  2  3  4  5  6  7  8 |
---------------+-------------------------+-----
Polearms       | 6 7 9 11 13 16 17 | 17.3
Fighting       | 5 7 8 10 12 | 12.9
Armour         | 5 7 8 10 12 13 | 13.0
Shields        | |  3.6

Action                     |  1- 3 |  4- 6 |  7- 9 || total
---------------------------+-------+-------+-------++-------
  Melee: Trident           |    28 |     7 |       ||    35
         Headbutt          |     5 |     5 |     6 ||    16
         Halberd           |       |    21 |    38 ||    59
    Use: Potion            |       |       |     2 ||     2
 Armour: Scale mail        |    10 |     1 |       ||    11
         Chain mail        |       |     4 |    35 ||    39
  Dodge: Dodged            |    13 |    11 |    12 ||    36
  Block: Buckler           |     3 |     1 |       ||     4
